Map: Écho EC

Players

AgCl

  • Race: Protoss Protoss

Erlang - Winner!

  • Race: Zerg Zerg

VOD

Have the link to the VOD?

Description

Time

  • Played on: May 12, 2015, 10:08 p.m.
  • Length: 10:25
Show
View Real Time Build Order
Export as new Build Order

AgCl Protoss 

Build Orders:  

Get SALT Encoding   

  12  0:15  Pylon  
  12  0:16  Probe  
  13  0:28  Probe  
  14  0:36  Assimilator  
  14  0:40  Probe (Chrono Boost)  
  15  0:49  Gateway  
  15  0:52  Probe (Chrono Boost)  
  16  1:01  Probe (Chrono Boost)  
  16  1:02  Pylon  
  18  1:13  Probe (Chrono Boost)  
  18  1:19  Probe (Chrono Boost)  
  19  1:30  Probe  
  20  1:37  Cybernetics Core  
  20  1:42  Probe (Chrono Boost)  
  21  1:52  Probe (Chrono Boost)  
  22  1:59  Probe  
  23  2:14  Nexus, Warp Gate (Chrono Boost)  
  23  2:16  Adept  
  23  2:20  Mothership Core  
  27  2:38  Gateway  
  27  2:41  Probe  
  27  2:55  Probe  
  28  3:02  Gateway  
  28  3:07  Probe  
  29  3:17  Twilight Council  
  29  3:18  Assimilator  
  30  3:20  Probe  
  31  3:34  Probe (Chrono Boost)  
  31  3:38  Gateway, Probe (Chrono Boost)  
  32  3:45  Assimilator  
  34  3:48  Probe (Chrono Boost)  
  34  3:50  Probe (Chrono Boost)  
  35  3:56  Probe (Chrono Boost)  
  35  3:58  Probe (Chrono Boost)  
  36  4:04  Probe  
  36  4:08  Probe  
  36  4:16  Probe  
  35  4:17  Assimilator  
  35  4:20  Probe  
  36  4:27  Dark Shrine  
  36  4:28  Probe (Chrono Boost)  
  37  4:36  Probe (Chrono Boost)  
  38  4:39  Pylon  
  38  4:40  Probe (Chrono Boost), Charge (Chrono Boost)  
  38  4:44  Adept  
  42  4:46  Adept  
  42  4:48  Probe (Chrono Boost)  
  44  4:57  Probe (Chrono Boost)  
  46  5:03  Probe (Chrono Boost)  
  46  5:06  Probe (Chrono Boost)  
  47  5:10  Probe (Chrono Boost)  
  48  5:14  Probe (Chrono Boost)  
  48  5:20  Forge  
  50  5:21  Pylon  
  50  5:25  Probe (Chrono Boost)  
  50  5:26  Probe (Chrono Boost)  
  52  5:36  Probe (Chrono Boost)  
  52  5:37  Pylon  
  52  5:39  Probe (Chrono Boost)  
  53  5:44  Forge  
  53  5:45  Probe  
  53  5:47  Stargate  
  53  5:49  Stargate  
  54  5:51  Probe  
  54  5:52  Dark Templar x2  
  59  5:57  Probe (Chrono Boost)  
  59  5:58  Pylon  
  59  6:00  Dark Templar  
  59  6:01  Dark Templar  
  65  6:05  Protoss Ground Weapons Level 1 (Chrono Boost)  
  65  6:08  Probe (Chrono Boost)  
  65  6:09  Probe (Chrono Boost)  
  66  6:16  Photon Cannon  
  66  6:25  Gateway  
  66  6:28  Stalker  
  66  6:30  Probe  
  65  6:35  Pylon  
  65  6:37  Nexus  
  65  6:39  Pylon  
  65  6:41  Assimilator  
  65  6:43  Assimilator  
  65  6:45  Protoss Air Weapons Level 1  
  65  6:48  Void Ray x2 (Chrono Boost)  
  65  6:54  Probe  
  72  7:02  Photon Cannon  
  72  7:03  Gateway  
  72  7:04  Pylon  
  73  7:09  Probe x2 (Chrono Boost)  
  74  7:21  Probe x2 (Chrono Boost)  
  76  7:28  Phoenix (Chrono Boost)  
  83  7:30  Probe (Chrono Boost)  
  83  7:36  Fleet Beacon  
  79  7:40  Pylon  
  79  7:48  Photon Cannon  
  81  7:55  Probe x2 (Chrono Boost)  
  81  7:56  Probe (Chrono Boost)  
  82  8:02  Probe x2 (Chrono Boost)  
  82  8:04  Probe  
  84  8:14  Phoenix x2 (Chrono Boost)  
  87  8:22  Graviton Catapult (Chrono Boost)  
  84  8:38  Carrier (Chrono Boost)  
  83  8:46  Probe  
  84  8:52  Gateway  
  84  8:54  Carrier (Chrono Boost)  
  84  8:56  Gateway  
  84  8:58  Gateway  
  90  9:06  Nexus  
  90  9:08  Assimilator  
  90  9:14  Pylon  
  88  9:22  Assimilator  
  88  9:24  Probe (Chrono Boost)  
  88  9:25  Probe (Chrono Boost)  
  90  9:36  Probe (Chrono Boost)  
  90  9:37  Probe (Chrono Boost)  
  93  9:42  Probe (Chrono Boost)  
  93  9:44  Photon Cannon  
  93  9:47  Pylon, Photon Cannon  
  99  10:01  Photon Cannon  
  105  10:18  Templar Archives  
  105  10:20  Pylon  
Show
View Real Time Build Order
Export as new Build Order

Erlang Zerg - Winner!

Build Orders: Hatch First 

Get SALT Encoding   

  12  0:01  Drone  
  13  0:08  Drone  
  14  0:33  Hatchery  
  13  0:37  Drone  
  14  0:54  Spawning Pool  
  13  0:59  Drone  
  14  1:04  Overlord  
  14  1:15  Drone, Extractor  
  14  1:23  Drone x2  
  16  1:32  Drone  
  17  1:43  Queen  
  17  1:44  Zergling x2  
  19  2:04  Queen  
  19  2:05  Drone x3  
  24  2:12  Overlord  
  24  2:19  Metabolic Boost  
  24  2:25  Drone  
  24  2:27  Drone  
  26  2:32  Drone  
  27  2:41  Drone x3  
  30  2:46  Drone  
  30  3:07  Drone x4  
  34  3:15  Hatchery  
  33  3:28  Zergling x6  
  33  3:29  Overlord x3  
  36  3:48  Zergling x8  
  40  3:49  Queen  
  42  4:04  Drone  
  42  4:05  Zergling x10  
  48  4:14  Drone x4  
  51  4:20  Drone x2  
  53  4:26  Roach Warren  
  53  4:27  Evolution Chamber x2, Drone x4  
  53  4:28  Queen  
  56  4:36  Lair  
  56  4:38  Drone  
  57  4:39  Extractor  
  56  4:52  Drone x3  
  58  4:53  Drone x7  
  58  4:59  Extractor  
  64  5:00  Extractor  
  64  5:05  Drone  
  64  5:06  Drone  
  65  5:07  Overlord x2  
  65  5:32  Drone  
  66  5:37  Spire  
  66  5:41  Drone  
  66  5:42  Drone x8, Overlord x4  
  74  5:43  Drone  
  75  5:56  Overseer  
  75  5:57  Spore Crawler  
  75  5:59  Spore Crawler x2  
  75  6:02  Overseer  
  75  6:04  Overseer  
  72  6:07  Overseer  
  72  6:09  Spine Crawler  
  71  6:11  Burrow, Spine Crawler  
  71  6:12  Spine Crawler  
  71  6:13  Spine Crawler  
  71  6:17  Spine Crawler  
  67  6:29  Drone  
  67  6:30  Drone x10  
  78  6:39  Drone x4  
  82  6:41  Drone x3  
  82  6:47  Extractor x2  
  73  7:04  Zerg Missile Weapons Level 1, Zerg Ground Armor Level 1  
  73  7:05  Glial Reconstitution  
  73  7:08  Hydralisk Den  
  73  7:11  Infestation Pit  
  73  7:15  Mutalisk x2  
  75  7:44  Hatchery  
  74  7:51  Hive  
  74  7:52  Overlord x3  
  74  7:53  Overlord x4  
  74  7:54  Roach x6  
  74  7:55  Roach x6  
  98  8:01  Drone x5  
  103  8:20  Hydralisk  
  103  8:21  Hydralisk x8  
  103  8:26  Muscular Augments  
  119  8:40  Overlord x2  
  119  8:41  Hydralisk x5  
  127  9:18  Hydralisk x13  
  127  9:19  Roach x2  
  127  9:20  Roach  
  127  9:21  Overlord  
  159  9:24  Overseer  
  159  9:32  Overlord  
  159  9:39  Extractor  
  159  9:40  Hydralisk x3  
  159  9:41  Hydralisk x2  
  159  9:43  Extractor  
  167  10:07  Drone x4  
  169  10:08  Drone x2  
Tags
 
Add a new tag
Caveats
  • Supply blocks, unpowered buildings, or Contaminate may cause inaccurate times.
  • Supply counts are checked every 10 seconds.